 Dungeon Crawl Stone Soup version 0.24-a0-370-g78e9d4e317 (webtiles) character file.

Game seed: 572420513498777388

32 Holzbalken the Poker (level 3, -1/27 HPs)
             Began as a Demonspawn Gladiator on May 30, 2019.
             Slain by an iron imp (2 damage)
             ... summoned by Natasha
             ... on level 2 of the Dungeon.
             The game lasted 00:04:25 (1045 turns).

Holzbalken the Poker (Demonspawn Gladiator)         Turns: 1045, Time: 00:04:26

Health: -1/27      AC:  6    Str: 15    XL:     3   Next: 10%
Magic:  3/3        EV: 11    Int:  9    God:
Gold:   6          SH:  0    Dex: 14    Spells: 2/2 levels left

rFire    . . .     SeeInvis .   a - +0 trident
rCold    . . .     Gourm    .   (no shield)
rNeg     . . .     Faith    .   g - +0 ring mail
rPois    .         Spirit   .   c - +0 helmet
rElec    .         Reflect  .   (no cloak)
rCorr    .         Harm     .   (no gloves)
MR       .....                  (no boots)
Stlth    +.........             (no amulet)
HPRegen  0.09/turn              (no ring)
MPRegen  0.08/turn              (no ring)

@: slowed, very slow
A: powered by pain 1
a: no special abilities


You were on level 2 of the Dungeon.
You were hungry.

You visited 1 branch of the dungeon, and saw 2 of its levels.

You collected 6 gold pieces.

Inventory:

Hand Weapons
 a - a +0 trident (weapon)
Missiles
 d - 3 throwing nets (quivered)
Armour
 b - a +0 leather armour
 c - a +0 helmet (worn)
 g - a +0 ring mail (worn)
Scrolls
 i - 2 scrolls of remove curse {unknown}
 j - a scroll of enchant weapon {unknown}
 k - 2 scrolls of teleportation {unknown}
 l - a scroll of fear {unknown}
 m - a scroll of blinking {unknown}
Potions
 e - a potion of brilliance {unknown}
 h - a potion of ambrosia {unknown}
 n - a potion of invisibility {unknown}
 o - a potion of mutation {unknown}
 p - a potion of curing {unknown}
Comestibles
 f - 4 rations


   Skills:
 - Level 2.0 Fighting
 + Level 3.9 Polearms
 - Level 1.7 Throwing
 - Level 2.6 Dodging


You had 2 spell levels left.
You didn't know any spells.
Your spell library was empty.

Dungeon Overview and Level Annotations

Branches:
Dungeon (2/15)

Altars:

Annotations:
D:2 Natasha


Innate Abilities, Weirdness & Mutations

You sometimes gain a little power by taking damage.


Message History

* * * LOW HITPOINT WARNING * * *
You barely miss Natasha.
Natasha is severely wounded.
Natasha stares at you and mumbles some strange words.
You resist with significant effort. The iron imp misses you.
The shadow imp hits you but does no damage.
Natasha claws you.
* * * LOW HITPOINT WARNING * * *
The iron imp closely misses you. The shadow imp closely misses you.
You closely miss Natasha.
Natasha is severely wounded.
Natasha barely misses you. The shadow imp barely misses you.
The iron imp hits you but does no damage.
Natasha howls an incantation.
Natasha glows brightly for a moment.
Natasha claws you but does no damage.
You barely miss Natasha.
Natasha is severely wounded.
The shadow imp closely misses you. The iron imp hits you.
You die...

#.# # #.#
...#.###.
#.####....#.#..
#<.....##.#.#.#
#.#######.....#
#.##...##.!...
#.##.#.##..5.#
#.##....#.5h5# .#
#.##....#..@.# .#
#.......#....# .#
.######.##....##.#
........####.....#
####.....# ###.#.#
#.###.# #...# #.
#.# ##..# #
#.######..#
#........>#


You could see an iron imp, Natasha, a white imp and a shadow imp.

Vanquished Creatures
  A worm (D:2)
  A dart slug (D:1)
  A giant cockroach (D:1)
  6 goblins (D:1)
  A hobgoblin (D:1)
  4 kobolds (D:1)
  6 bats (D:1)
  A frilled lizard (D:1)
  6 rats (D:1)
27 creatures vanquished.

Notes
Turn   | Place    | Note
-------+----------+-------------------------------------------
     0 | D:1      | Holzbalken the Demonspawn Gladiator began the quest for the
                  | Orb.
     0 | D:1      | Reached XP level 1. HP: 16/16 MP: 1/1
   151 | D:1      | Reached skill level 3 in Polearms
   294 | D:1      | Gained mutation: You sometimes gain a little power by
                  | taking damage. [demonic ancestry]
   294 | D:1      | Reached XP level 2. HP: 22/22 MP: 2/2
   785 | D:1      | Reached XP level 3. HP: 27/27 MP: 3/3
  1027 | D:2      | Noticed Natasha
  1043 | D:2      | HP: 1/27 [Natasha (3)]
  1045 | D:2      | Slain by an iron imp

Levels and vault maps discovered:
D:1:      minmay_arrival_stone_box, layout_basic
D:2:      layout_basic, uniq_natasha, uniq_sigmund, uniq_crazy_yiuf_cottage

Skill      XL: |  1 |
---------------+----+-----
Polearms       | 3 |  3.9
Fighting       | |  2.0
Throwing       | |  1.7
Dodging        | |  2.6

Action                   || total
-------------------------++-------
Melee: Trident           ||    96
Armor: Leather armour    ||    15
       Ring mail         ||    10
Dodge: Dodged            ||    58

Table legend:
 A = Non-vault XP
 B = Vault XP
 C = Vault XP percentage of total XP
 D = Non-vault monster count
 E = Vault monster count
 F = Vault count percentage of total count
                 A         B        C        D         E       F
            +---------+---------+-------+---------+---------+-------
      Total |      47 |       0 |   0.0 |      27 |       0 |   0.0
            +---------+---------+-------+---------+---------+-------
        D:1 |      42 |       0 |   0.0 |      26 |       0 |   0.0
        D:2 |       5 |       0 |   0.0 |       1 |       0 |   0.0
            +---------+---------+-------+---------+---------+-------
